 Dungeon Crawl Stone Soup version 0.17.0-28-g6e173f8 (webtiles) character file.

7520 septik the Cruncher (level 11, -1/64 HPs)
             Began as a Gargoyle Gladiator on Nov 29, 2015.
             Was a High Priest of Okawaru.
             Slain by a hill giant
             ... wielding a +0 giant club
              (12 damage)
             ... on level 11 of the Dungeon.
             The game lasted 00:24:08 (10381 turns).

septik the Cruncher (Gargoyle Gladiator)           Turns: 10381, Time: 00:24:08

Health: -1/64      AC: 21    Str: 18    XL:     11   Next: 16%
Magic:  14/14      EV: 17    Int: 10    God:    Okawaru [*****.]
Gold:   490        SH:  0    Dex: 13    Spells: 0 memorised, 10 levels left

rFire  . . .     SeeInvis .     a - +0 quarterstaff
rCold  + . .     Clarity  .     r - +1 ring mail {rC+}
rNeg   + . .     SustAt   .     (shield currently unavailable)
rPois  ∞         Gourm    .     c - +0 helmet
rElec  +         Spirit   .     (no cloak)
rCorr  .         Warding  .     U - +0 pair of gloves
rMut   .         Stasis   .     v - +0 pair of boots
MR     .....                    (no amulet)
Stlth  +.........               F - +5 ring of evasion
                                s - +3 ring of protection

@: not resistant to hostile enchantments, very unstealthy
A: negative energy resistance 1, electricity resistance, unbreathing,
petrification resistance, rot immunity, AC +7
a: Heroism, Finesse, Renounce Religion


You were on level 11 of the Dungeon.
You worshipped Okawaru.
Okawaru was extremely pleased with you.
You were not hungry.

You visited 2 branches of the dungeon, and saw 12 of its levels.

You collected 562 gold pieces.
You spent 72 gold pieces at shops.

Inventory:

Hand Weapons
 a - a +0 quarterstaff (weapon)
Missiles
 d - 3 throwing nets
 i - 321 stones (quivered)
 u - 30 poisoned needles
Armour
 c - a +0 helmet (worn)
 r - a +1 ring mail of cold resistance (worn)
 v - a +0 pair of boots (worn)
 P - a +0 chain mail
 U - a +0 pair of gloves (worn)
Magical Staves
 R - an uncursed staff of poison
Jewellery
 b - a +4 ring of evasion
 s - a +3 ring of protection (left hand)
 D - an uncursed ring of stealth
 F - a +5 ring of evasion (right hand)
 H - an uncursed ring of positive energy {unknown}
 S - a cursed ring of loudness {unknown}
 W - a +3 ring of strength {unknown}
 Z - an uncursed ring of stealth
Wands
 V - a wand of slowing (18)
Scrolls
 g - a scroll of blinking {unknown}
 k - 4 scrolls of enchant weapon {unknown}
 l - 2 scrolls of fog {unknown}
 n - 3 scrolls of immolation {unknown}
 p - 3 scrolls of amnesia {unknown}
 q - 5 scrolls of identify {unknown}
 w - 5 scrolls of remove curse {unknown}
 y - 2 scrolls of teleportation {unknown}
 C - 3 scrolls of noise {unknown}
 I - a scroll of summoning {unknown}
 J - a scroll of random uselessness {unknown}
 O - 2 scrolls of fear {unknown}
Potions
 f - 2 potions of cure mutation {unknown}
 j - a potion of mutation {unknown}
 o - 2 potions of might {unknown}
 t - a potion of agility
 x - a potion of heal wounds {unknown}
 z - a potion of haste {unknown}
 A - 2 potions of flight {unknown}
 G - 3 potions of poison {unknown}
 K - a potion of invisibility {unknown}
 L - a potion of degeneration {unknown}
 X - a potion of berserk rage {unknown}
 Y - a potion of curing {unknown}
Books
 M - a book of Cantrips

   Spells                             Type                      Level
   a - Corona                         Hexes                        1
   b - Animate Skeleton               Necromancy                   1
   c - Summon Small Mammal            Summoning                    1
   d - Apportation                    Translocation                1
 N - a book of Air

   Spells                             Type                      Level
   a - Shock                          Conjuration/Air              1
   b - Swiftness                      Charms/Air                   2
   c - Repel Missiles                 Charms/Air                   2
   d - Static Discharge               Conjuration/Air              3
   e - Lightning Bolt                 Conjuration/Air              5
 Q - a book of Changes

   Spells                             Type                      Level
   a - Beastly Appendage              Transmutation                1
   b - Sticks to Snakes               Transmutation                2
   c - Spider Form                    Transmutation/Poison         3
   d - Ice Form                       Ice/Transmutation            4
   e - Blade Hands                    Transmutation                5
Comestibles
 e - 8 bread rations
 h - 5 meat rations
 m - 8 slices of pizza
 B - 4 chunks of flesh
 E - 14 fruits


   Skills:
 + Level 5.2 Fighting
 - Level 14.1 Staves
 - Level 1.7 Throwing
 + Level 4.5 Armour
 + Level 4.3 Dodging
 + Level 4.5 Invocations


You had 10 spell levels left.
You didn't know any spells.

Dungeon Overview and Level Annotations

Branches:
Dungeon (11/15)            Temple (1/1) D:7
   Lair: D:8-11         Orc: D:9-12

Altars:
Cheibriados
Elyvilon
Fedhas
Gozag
Kikubaaqudgha
Okawaru
Qazlal
Ru
Sif Muna
Trog
Vehumet
Zin

Shops:
D:7 [

Annotations:
D:3 plasmid's ghost, amateur DsBe
D:10 Maud


Innate Abilities, Weirdness & Mutations

You are resistant to torment.
Your stone body is resilient (AC +7).
You are immune to poison.
You resist negative energy.
You are resistant to electric shocks.
You can survive without breathing.
You are immune to petrification.
You are immune to rotting.


Message History

The hungry ghost barely misses you.
You continue eating.
The hill giant closely misses you. The hungry ghost barely misses you.
The hungry ghost hits you.
You are starving!
You are a level 11 Gargoyle Gladiator.
You are 16% of the way to level 12.
Play time: 00:24:02 (10379 turns) Eat one of 4 chunks of flesh? (ye/n/q/i?) Eat which item? (? for menu, Esc to quit)
The hill giant hits you but does no damage.
The skeletal warrior hits you with a flail!
* * * LOW HITPOINT WARNING * * *
The hungry ghost misses you. The hungry ghost barely misses you.
You continue eating.
The skeletal warrior closely misses you.
The hungry ghost completely misses you. The hungry ghost barely misses you.
The skeletal warrior hits you but does no damage.
You continue eating.
The hill giant hits you with a giant club!
You die...

.. #. ###
#..###.##
#..#....#
#......#
#......#
#......#
#.z@W.#
#.zWC.#
#....##
##...##
#....#
#...##
#..## ###
##.##
#.#####
#..#


You could see 2 skeletal warriors, a hill giant and 2 hungry ghosts.

Vanquished Creatures
  A hydra (D:9)
  A skeletal warrior (D:11)
  The ghost of ketsa the Spear-Bearer, a novice MfGl of Okawaru (D:8)
  A centaur zombie (D:11)
  3 two-headed ogres
  A deep elf mage (D:9)
  2 yaks (D:9)
  A hippogriff (D:8)
  A wyvern (D:11)
  A steam dragon (D:9)
  A water moccasin (D:9)
  5 ogres
  A necrophage (D:8)
  4 ice beasts
  4 orc warriors
  2 sky beasts
  A phantom (D:9)
  A crocodile (D:9)
  3 centaurs
  A black bear (D:7)
  4 big kobolds
  4 giant frogs
  3 scorpions
  2 giant frog zombies (D:5)
  2 crimson imps
  4 orc wizards
  3 giant frog skeletons
  2 centaur skeletons
  2 jellies
  5 orc priests
  6 hounds
  Terence (D:2)
  An iguana (D:6)
  11 worker ants
  2 sheep (D:9)
  3 gnolls (D:4)
  A worker ant zombie (D:8)
  8 adders
  2 oozes
  2 adder skeletons
  2 worms
  34 orcs
  10 bats
  5 giant cockroaches
  5 goblins
  15 hobgoblins
  5 jackals
  4 quokkas
  2 ball pythons (D:3)
  A giant gecko (D:5)
  A giant gecko skeleton (D:7)
  5 giant newts
  10 kobolds
  A quokka skeleton (D:4)
  12 rats
  3 plants (D:8)
219 creatures vanquished.

Vanquished Creatures (others)
  A worker ant (D:5)
1 creature vanquished.

Grand Total: 220 creatures vanquished

Notes
Turn   | Place    | Note
--------------------------------------------------------------
     0 | D:1      | septik the Gargoyle Gladiator began the quest for the Orb.
     0 | D:1      | Reached XP level 1. HP: 12/12 MP: 1/1
    87 | D:1      | Reached XP level 2. HP: 12/17 MP: 2/2
   647 | D:1      | Reached skill level 4 in Staves
   717 | D:2      | Reached XP level 3. HP: 21/21 MP: 3/3
   744 | D:2      | Noticed Terence
   774 | D:2      | Killed Terence
   937 | D:2      | Reached XP level 4. HP: 26/26 MP: 4/4
  1100 | D:2      | Found a blossoming altar of Fedhas.
  1258 | D:3      | Found a glowing silver altar of Zin.
  1325 | D:3      | Reached skill level 5 in Staves
  1416 | D:3      | Noticed plasmid's ghost (amateur DsBe)
  1803 | D:3      | Reached XP level 5. HP: 30/30 MP: 5/5
  2193 | D:4      | Reached skill level 6 in Staves
  2295 | D:4      | HP: 1/30 [orc priest/nerve-wracking pain (7)]
  2298 | D:4      | Reached XP level 6. HP: 2/35 MP: 6/6
  2668 | D:4      | Reached skill level 7 in Staves
  2714 | D:4      | HP: 1/35 [gnoll/spear (2)]
  3468 | D:4      | Reached skill level 8 in Staves
  3468 | D:4      | Reached XP level 7. HP: 16/40 MP: 7/7
  3816 | D:5      | Entered Level 5 of the Dungeon
  4077 | D:5      | Found a stormy altar of Qazlal.
  4279 | D:5      | Reached skill level 9 in Staves
  4304 | D:5      | Reached XP level 8. HP: 34/44 MP: 8/8
  4609 | D:5      | Reached skill level 10 in Staves
  4908 | D:6      | Found an iron altar of Okawaru.
  4909 | D:6      | Found a deep blue altar of Sif Muna.
  4911 | D:6      | Found a snail-covered altar of Cheibriados.
  4911 | D:6      | Found an opulent altar of Gozag.
  4912 | D:6      | Found a sacrificial altar of Ru.
  4919 | D:6      | Became a worshipper of Warmaster Okawaru
  5064 | D:6      | Found a white marble altar of Elyvilon.
  5108 | D:6      | Found a radiant altar of Vehumet.
  5578 | D:6      | Reached skill level 11 in Staves
  5942 | D:7      | Reached * piety under Okawaru
  6095 | D:7      | Found Sizive Qeva's Armour Shop.
  6142 | D:7      | Found a staircase to the Ecumenical Temple.
  6159 | Temple   | Entered the Ecumenical Temple
  6366 | D:7      | Reached XP level 9. HP: 31/48 MP: 9/9
  6667 | D:7      | You fall through a shaft for 2 floors!
  6705 | D:8      | Reached skill level 12 in Staves
  6874 | D:8      | Reached ** piety under Okawaru
  7346 | D:8      | Noticed ketsa's ghost (novice MfGl)
  7375 | D:8      | Reached skill level 13 in Staves
  7436 | D:7      | Noticed a two-headed ogre
  7933 | D:7      | Got a polished long sword
  7934 | D:7      | Identified the +4 long sword of Awkwardness {holy, rPois} (You found it on level 7 of the Dungeon)
  8139 | D:7      | Reached XP level 10. HP: 53/53 MP: 10/10
  8189 | D:7      | Bought a +0 pair of gloves for 72 gold pieces
  8654 | D:7      | Killed a two-headed ogre
  8654 | D:7      | Reached *** piety under Okawaru
  8881 | D:8      | Killed ketsa's ghost
  8881 | D:8      | Reached skill level 14 in Staves
  9571 | D:9      | Reached skill level 1 in Invocations
  9622 | D:9      | Reached skill level 1 in Armour
  9965 | D:9      | Reached **** piety under Okawaru
 10231 | D:9      | Noticed a three-headed hydra
 10244 | D:9      | Killed a three-headed hydra
 10244 | D:9      | Reached XP level 11. HP: 45/62 MP: 10/13
 10279 | D:9      | You fall through a shaft for 2 floors!
 10279 | D:11     | Noticed a skeletal warrior
 10328 | D:11     | Killed a skeletal warrior
 10328 | D:11     | Reached ***** piety under Okawaru
 10328 | D:11     | Reached skill level 5 in Fighting
 10344 | D:11     | Noticed a skeletal warrior
 10345 | D:11     | Noticed a skeletal warrior
 10354 | D:10     | Entered Level 10 of the Dungeon
 10354 | D:10     | Noticed Maud
 10361 | D:11     | Noticed a hill giant
 10381 | D:11     | Slain by a hill giant

Action                   |  1- 3 |  4- 6 |  7- 9 | 10-12 || total
-------------------------+-------+-------+-------+-------++-------
Melee: Quarterstaff      |   106 |   275 |   495 |   468 ||  1344
Throw: Throwing net      |     1 |       |       |       ||     1
       Stone             |       |     1 |     6 |       ||     7
Invok: Heroism           |       |       |     1 |     3 ||     4
  Eat: Chunk             |       |     9 |    13 |     7 ||    29
       Beef jerky        |       |       |     1 |     1 ||     2
       Meat ration       |       |       |       |     1 ||     1
